 Dungeon Crawl Stone Soup version 0.31-a0-1009-g454b1f1e0a (webtiles) character file.

Game seed: 2039678814374253040

14965 Dirtsage the Cleaver (level 11, -13/124 HPs)
             Began as a Demonspawn Berserker on Nov 14, 2023.
             Was a High Priest of Trog.
             Succumbed to poison (dark miasma)
             ... in a Gauntlet.
             The game lasted 00:16:51 (10293 turns).

Dirtsage the Cleaver (Demonspawn Berserker)        Turns: 10293, Time: 00:16:52

Health: -13/124    AC: 24    Str: 21    XL:     11   Next: 95%
Magic:  2/11       EV: 13    Int:  9    God:    Trog [*****.]
Gold:   156        SH:  0    Dex: 21    Spells: 10/10 levels left

rFire   . . .        M - +7 war axe of Discretion {flame, *Noise rElec Dex+3}
rCold   + . .        (no shield)
rNeg    . . .        m - +5 scale mail of Faroreug {-Tele +Inv Dex+3 Slay+4}
rPois   .            s - +2 hat
rElec   +            P - +2 cloak of Watchfulness {rC+ Dex+2}
rCorr   .            N - +2 pair of gloves
SInv    .            (boots unavailable)
Will    .....        (no amulet) Stlth
                     (no ring)
HPRegen 0.40/turn    (no ring)
MPRegen 0.24/turn

%: no teleportation, guardian spirit
@: berserking, lethally poisoned (-13 -> -94), slowed
A: hooves 3, molten scales 2, spiny 1, magic shield, magic regeneration
a: Renounce Religion, Evoke Invisibility, Berserk, Trog's Hand, Brothers in Arms


You were in a Gauntlet.
You worshipped Trog.
Trog was extremely pleased with you.
You visited 2 branches of the dungeon, and saw 12 of its levels.
You also visited: Gauntlet.

You collected 598 gold pieces.
You spent 442 gold pieces at shops.

Inventory:

Hand Weapons
 a - a +0 hand axe
 y - a +2 battleaxe of flaming
 M - the +7 war axe of Discretion (weapon) {flame, *Noise rElec Dex+3}
   (You found it on level 8 of the Dungeon)

   Dex+3:     It affects your dexterity (+3).
   rElec:     It insulates you from electricity.
   *Noise:    It may make a loud noise when swung.
Missiles
 x - a curare-tipped dart
 K - a throwing net
Armour
 k - a +0 helmet
 m - the +5 scale mail of Faroreug (worn) {-Tele +Inv Dex+3 Slay+4}
   (You found it on level 3 of the Dungeon)

   Dex+3:     It affects your dexterity (+3).
   Slay+4:    It affects your accuracy & damage with ranged weapons and melee
   (+4).
   +Inv:      It lets you turn invisible.
   -Tele:     It prevents most forms of teleportation.
 s - a +2 hat (worn)
 z - a +0 pair of gloves
 N - a +2 pair of gloves (worn)
 P - the +2 cloak of Watchfulness (worn) {rC+ Dex+2}
   (You found it in a Gauntlet)

   Dex+2:     It affects your dexterity (+2).
   rC+:       It protects you from cold.
Jewellery
 O - the ring of Ebrizok {rN+ Str-4 Dex+8}
   (You found it on level 11 of the Dungeon)

   [ring of positive energy]

   Str-4:     It affects your strength (-4).
   Dex+8:     It affects your dexterity (+8).
   rN+:       It protects you from negative energy.
Wands
 b - a wand of paralysis (15)
 o - a wand of flame (20)
 p - a wand of polymorph (5)
 u - a wand of quicksilver (19)
 D - a wand of roots (12)
Scrolls
 f - 2 scrolls of enchant weapon
 g - a scroll of fear
 h - a scroll of noise
 r - a scroll of enchant armour
 t - a scroll of teleportation
 w - 3 scrolls of fog
 A - 2 scrolls of revelation
 B - a scroll of blinking
 H - a scroll of brand weapon
 I - 2 scrolls of vulnerability {unknown}
 L - a scroll of torment
Potions
 c - 3 potions of lignification
 d - 2 potions of might
 e - a potion of degeneration {unknown}
 j - 5 potions of brilliance
 l - 3 potions of heal wounds
 q - 5 potions of curing
 v - 2 potions of mutation
 C - 2 potions of attraction
 E - a potion of resistance {unknown}
 F - a potion of enlightenment
 G - 2 potions of ambrosia
 J - a potion of magic {unknown}


   Skills:
 + Level 6.7 Fighting
 * Level 13.4 Axes
 + Level 5.8 Armour
 + Level 5.7 Dodging
 + Level 5.2 Shields
 + Level 5.7 Evocations


You had 10 spell levels left.
You didn't know any spells.
Your spell library contained the following spells:

 Spells                   Type           Power      Damage    Failure   Level
 Blink                    Tloc           0%         N/A       83%         2
 Ensorcelled Hibernation  Hex/Ice        0%         N/A       83%         2
 Jinxbite                 Hex            0%         N/A       83%         2
 Passwall                 Tmut/Erth      0%         N/A       83%         2
 Dazzling Flash           Conj/Hex       0%         N/A       97%         3
 Frozen Ramparts          Ice            0%         1d1       97%         3
 Inner Flame              Hex/Fire       0%         N/A       97%         3
 Swiftness                Air            0%         N/A       97%         3
 Tukima's Dance           Hex            0%         N/A       97%         3
 Anguish                  Hex/Necr       0%         N/A       100%        4
 Dimensional Bullseye     Hex/Tloc       0%         N/A       100%        4
 Iskenderun's Mystic Bla  Conj/Tloc      0%         2d3       100%        4
 Manifold Assault         Tloc           0%         N/A       100%        4
 Passage of Golubria      Tloc           0%         N/A       100%        4
 Petrify                  Tmut/Erth      0%         N/A       100%        4
 Agony                    Necr           0%         N/A       100%        5
 Metabolic Englaciation   Hex/Ice        0%         N/A       100%        5
 Silence                  Hex/Air        0%         N/A       100%        5
 Yara's Violent Unravell  Hex/Tmut       0%         3d3       100%        5
 Enfeeble                 Hex            0%         N/A       100%        7


Dungeon Overview and Level Annotations

Branches:
Dungeon (11/15)            Temple (1/1) D:6            Lair (0/5) D:11
Gauntlet (1/1)
    Orc: D:9-12

Altars:
Ashenzari
Cheibriados
Dithmenos
Fedhas
Gozag
Hepliaklqana
Kikubaaqudgha
Makhleb
Nemelex Xobeh
Okawaru
Qazlal
Ru
Sif Muna
Trog
Uskayaw
Vehumet
Wu Jian
Xom
Yredelemnul

Shops:
D:10 *   D:11 [!

Annotations:
D:8 enlight axe
Temple 2 transporters Gauntlet 7 transporters, 4 runed translucent doors


Innate Abilities, Weirdness & Mutations

You have hooves in place of feet.
You are mostly covered in molten scales. (AC +3)
You are partially covered in sharp spines.
When hurt, damage is shared between your health and your magic reserves.
You regenerate magic rapidly.


Message History

The redback zombie is struck by your spines.
The redback zombie bites you but does no damage.
You take 7 damage, and have 45/124 hp.
You completely miss the death drake. You kick the death drake.
The death drake is lightly wounded.
You completely miss the redback zombie.
You feel very sick. The death drake closely misses you.
The redback zombie is struck by your spines.
The redback zombie completely misses you.
You take 6 damage, and have 39/124 hp.
You slice the death drake!! You burn the death drake. You kick the death drake!
The death drake is severely wounded.
You slash the redback zombie! You burn the redback zombie.
You feel very sick. The death drake breathes miasma at you.
The foul vapour engulfs you!
You are lethally poisoned!
* * * LOW HITPOINT WARNING * * *
The redback zombie bites you but does no damage.
You take 17 damage, and have 22/124 hp.
You now have 6/11 mp.
You slash the death drake! You burn the death drake.
Your kick misses the death drake.
The death drake is almost dead.
You slash the redback zombie! You burn the redback zombie.
You are engulfed in dark miasma.
You are more poisoned.
* * * LOW HITPOINT WARNING * * *
x2 You feel extremely sick.
The death drake barely misses you.
The redback zombie bites you but does no damage.
You take 17 damage, and have 5/124 hp.
You now have 4/11 mp.
You are too berserk!
You slash the death drake! You burn the death drake.
You kill the death drake!
Trog accepts your kill.
You barely miss the redback zombie.
You are engulfed in dark miasma.
You are more poisoned.
* * * LOW HITPOINT WARNING * * *
You die...

## ### ######### ### #
##≈###≈###.......###≈###≈
#≈≈≈#≈≈≈#..∩.8.∩..#≈≈≈#≈≈
#≈.....................≈
##.#########.#########.#
##≈.#.[:©!###.#.[?©|..#.≈
#≈≈.#.###°###.#.#####.#.≈
##≈.#.##°°#.#.#.#≈≈≈#.#.≈
##.#.°†@°°.###t#.©.#.#.#
##≈.#.#Z°##.#.#.+...+.#.≈
#≈≈.###°###.#.#.#####.#.≈
##≈.###.....#.#.......#.≈
##.#########.#########.#
##≈....#©.........©#....≈
#≈≈..8.#.8.8.8.8.8.#.8..≈
##≈....#©.........©#....≈
##.###################.#


You could see a ghost crab and a redback zombie.

Vanquished Creatures
  A hydra (D:9)
  The ghost of flestrin the Changeling, a novice TrMo (D:9)
  Amaemon (D:10)
  A death drake (Gauntlet)
  Joseph (D:10)
  A rust devil (Gauntlet)
  An orange demon (D:10)
  4 gargoyles (D:9)
  An unseen horror (D:8)
  Psyche (D:10)
  2 trolls (D:10)
  A harpy zombie (D:10)
  4 hornets
  Grinder (D:3)
  2 large abominations (D:10)
  2 dream sheep (D:9)
  A ynoxinul (Gauntlet)
  14 yaks
  Eustachio (D:4)
  A steam dragon (D:7)
  2 vampire mosquitoes (D:10)
  Menkaure (D:4)
  2 water moccasins
  A sky beast (D:7)
  3 orc warriors
  3 ice beasts
  2 elephant zombies (D:10)
  3 ogres
  2 centaurs
  A gnoll sergeant (D:10)
  6 kobold brigands
  5 bullfrogs
  A scorpion (D:4)
  8 wights
  12 killer bees
  3 spriggan zombies (D:10)
  7 howler monkeys
  An electric eel (D:7)
  A wolf zombie (D:10)
  5 centaur zombies
  2 hounds (D:6)
  3 orc priests
  Crazy Yiuf (D:3)
  3 jellies
  2 iron imps (Gauntlet)
  2 sleepcaps
  3 iguanas
  Ijyb (D:4)
  Natasha (thrice) (D:3)
  6 orc wizards
  A small abomination (D:10)
  A killer bee zombie (D:10)
  Robin (D:3)
  15 gnolls
  10 adders
  A white imp (D:6)
  5 worms
  2 dart slugs
  31 orcs
  5 endoplasms
  2 giant cockroaches
  17 goblins
  13 hobgoblins
  18 kobolds
  3 quokkas
  12 ball pythons
  6 bats
  4 frilled lizards
  4 rats
288 creatures vanquished.

Vanquished Creatures (others)
  A wight (D:9)
1 creature vanquished.

Grand Total: 289 creatures vanquished

Notes
Turn   | Place    | Note
-------+----------+-------------------------------------------
     0 | D:1      | Dirtsage the Demonspawn Berserker began the quest for the
                  | Orb.
     0 | D:1      | Reached XP level 1. HP: 18/18 MP: 1/1
    94 | D:1      | Reached skill level 3 in Axes
   200 | D:1      | Gained mutation: You regenerate magic rapidly. [demonic
                  | ancestry]
   200 | D:1      | Reached XP level 2. HP: 22/24 MP: 2/2
   844 | D:1      | Found a faded altar of an unknown god.
  1262 | D:2      | Gained mutation: You are partially covered in molten
                  | scales. (AC +2) [demonic ancestry]
  1262 | D:2      | Reached XP level 3. HP: 29/29 MP: 3/3
  1335 | D:2      | Reached skill level 4 in Axes
  1593 | D:2      | Gained mutation: You have large cloven feet. [demonic
                  | ancestry]
  1593 | D:2      | Reached XP level 4. HP: 8/35 MP: 4/4
  1997 | D:3      | Noticed Robin
  2009 | D:3      | Reached ** piety under Trog
  2015 | D:3      | Killed Robin
  2016 | D:3      | Reached skill level 5 in Axes
  2086 | D:3      | Noticed Grinder
  2095 | D:3      | Paralysed by Grinder for 5 turns
  2104 | D:3      | Killed Grinder
  2105 | D:3      | Reached skill level 6 in Axes
  2105 | D:3      | Reached XP level 5. HP: 30/41 MP: 5/5
  2105 | D:3      | Reached XP level 6. HP: 35/47 MP: 6/6
  2222 | D:3      | Identified the +5 scale mail of Faroreug {-Tele +Inv Dex+3
                  | Slay+4}
  2305 | D:3      | Noticed Natasha
  2311 | D:3      | Killed Natasha
  2400 | D:3      | Noticed Natasha
  2407 | D:3      | Killed Natasha
  2422 | D:3      | Found a runed translucent door.
  2423 | D:3      | Noticed Crazy Yiuf
  2430 | D:3      | Killed Crazy Yiuf
  2537 | D:3      | Noticed Natasha
  2543 | D:3      | Killed Natasha
  2547 | D:3      | Reached skill level 7 in Axes
  2991 | D:4      | Gained mutation: You have hoof-like feet. [demonic
                  | ancestry]
  2991 | D:4      | Reached XP level 7. HP: 50/52 MP: 7/7
  3002 | D:4      | Found an iron altar of Okawaru.
  3026 | D:4      | Reached skill level 8 in Axes
  3228 | D:4      | Noticed Eustachio
  3248 | D:4      | Killed Eustachio
  3473 | D:4      | Noticed Menkaure
  3480 | D:4      | Killed Menkaure
  3481 | D:4      | Reached skill level 9 in Axes
  3481 | D:4      | Gained mutation: You are mostly covered in molten scales.
                  | (AC +3) [demonic ancestry]
  3481 | D:4      | Reached XP level 8. HP: 58/58 MP: 8/8
  3566 | D:4      | Found a snail-covered altar of Cheibriados.
  3621 | D:4      | Noticed Ijyb
  3621 | D:4      | Paralysed by Ijyb for 3 turns
  3627 | D:4      | Paralysed by Ijyb for 4 turns
  3632 | D:4      | Killed Ijyb
  3680 | D:4      | Found a blossoming altar of Fedhas.
  3712 | D:5      | Entered Level 5 of the Dungeon
  4011 | D:5      | Reached skill level 10 in Axes
  4529 | D:6      | Found a staircase to the Ecumenical Temple.
  4600 | Temple   | Found a transporter.
  4600 | Temple   | Found a transporter.
  4600 | Temple   | Found a transporter.
  4600 | Temple   | Found a transporter.
  4600 | Temple   | Entered the Ecumenical Temple
  4628 | D:6      | Reached *** piety under Trog
  4693 | D:6      | Reached skill level 11 in Axes
  4704 | D:6      | Gained mutation: You have hooves in place of feet. [demonic
                  | ancestry]
  4704 | D:6      | Reached XP level 9. HP: 61/63 MP: 9/9
  5044 | D:6      | Found a hazy altar of Hepliaklqana.
  5044 | D:6      | Found a sparkling altar of Nemelex Xobeh.
  5085 | D:6      | Found a sacrificial altar of Ru.
  5088 | D:6      | Found a stormy altar of Qazlal.
  5307 | D:7      | Reached skill level 1 in Evocations
  5309 | D:7      | Reached skill level 1 in Shields
  6386 | D:8      | Reached **** piety under Trog
  6769 | D:8      | Gained mutation: When hurt, damage is shared between your
                  | health and your magic reserves. [demonic ancestry]
  6769 | D:8      | Reached XP level 10. HP: 55/73 MP: 10/10
  7271 | D:8      | Reached skill level 12 in Axes
  7276 | D:8      | Found an ornate altar of the Wu Jian Council.
  7797 | D:9      | Reached skill level 5 in Fighting
  7856 | D:9      | Found a runed translucent door.
  7874 | D:9      | Noticed flestrin's ghost (novice TrMo)
  7923 | D:9      | Noticed a gargoyle
  7926 | D:9      | Killed a gargoyle
  7963 | D:9      | Noticed a gargoyle
  7971 | D:9      | Killed a gargoyle
  8015 | D:9      | Noticed a gargoyle
  8018 | D:9      | Killed a gargoyle
  8036 | D:9      | Noticed a gargoyle
  8044 | D:9      | Killed a gargoyle
  8278 | D:9      | Noticed a three-headed hydra
  8281 | D:9      | Killed a one-headed hydra
  8282 | D:9      | Gained mutation: You are partially covered in sharp spines.
                  | [demonic ancestry]
  8282 | D:9      | Reached XP level 11. HP: 81/81 MP: 11/11
  8494 | D:9      | Killed flestrin's ghost
  8551 | D:10     | Entered Level 10 of the Dungeon
  8559 | D:10     | Noticed Amaemon
  8569 | D:10     | Killed Amaemon
  8574 | D:10     | Reached skill level 5 in Armour
  8574 | D:10     | Noticed Psyche
  8830 | D:10     | Noticed Joseph
  8838 | D:10     | Killed Joseph
  8839 | D:10     | Reached skill level 5 in Dodging
  8945 | D:10     | Killed Psyche
  8946 | D:10     | Reached skill level 5 in Evocations
  8952 | D:10     | Found Xaulois's General Store.
  8959 | D:10     | Bought 2 potions of enlightenment for 100 gold pieces
  8959 | D:10     | Bought a scroll of blinking for 75 gold pieces
  8959 | D:10     | Bought a potion of heal wounds for 50 gold pieces
  9037 | D:10     | Reached ***** piety under Trog
  9167 | D:10     | Found a basalt altar of Yredelemnul.
  9206 | D:10     | Noticed a large abomination
  9220 | D:10     | Reached skill level 13 in Axes
  9252 | D:10     | Killed a large abomination
  9410 | D:10     | Identified the +2 pair of boots of Duasigu {rF+ SInv}
  9460 | D:10     | Reached skill level 5 in Shields
  9794 | D:8      | Identified the +7 war axe of Discretion {flame, *Noise
                  | rElec Dex+3}
  9797 | D:8      | Identified the +4 scimitar "Xeap" {antimagic, Stlth+}
  9865 | Gauntlet | Identified the "Gyag Qeu"
  9865 | Gauntlet | Identified the "Emoimakk"
  9901 | D:11     | Found Deabb's Antique Armour Boutique.
  9902 | D:11     | Found Miex Atwi's Distillery.
  9917 | D:11     | Paralysed by a hornet for 3 turns
  9929 | D:11     | Bought a pair of runed gloves for 217 gold pieces
  9956 | D:11     | Found a gate leading to a gauntlet.
  9957 | D:11     | Identified the ring of Ebrizok {rN+ Str-4 Dex+8}
  9975 | Gauntlet | Entered a Gauntlet
  9975 | Gauntlet | Noticed a tengu warrior
  9975 | Gauntlet | Found a transporter.
  9975 | Gauntlet | Found a transporter.
  9975 | Gauntlet | Found a runed translucent door.
  9975 | Gauntlet | Found a runed translucent door.
 10017 | Gauntlet | Found a transporter.
 10017 | Gauntlet | Found a transporter.
 10021 | Gauntlet | Found a transporter.
 10021 | Gauntlet | Found a transporter.
 10055 | Gauntlet | Found a transporter.
 10056 | Gauntlet | Found a transporter.
 10059 | Gauntlet | Found a runed translucent door.
 10059 | Gauntlet | Found a runed translucent door.
 10059 | Gauntlet | Noticed a ghost crab
 10063 | Gauntlet | Found a transporter.
 10078 | Gauntlet | Noticed a death drake
 10080 | Gauntlet | Found a transporter.
 10099 | Gauntlet | Found a transporter.
 10099 | Gauntlet | Found a transporter.
 10101 | Gauntlet | Found a runed translucent gate.
 10101 | Gauntlet | Found a runed translucent gate.
 10101 | Gauntlet | Found a runed translucent gate.
 10165 | Gauntlet | Identified the +2 cloak of Watchfulness {rC+ Dex+2}
 10292 | Gauntlet | HP: 5/124 [poisoned by a death drake (dark miasma)]
 10293 | Gauntlet | Killed a death drake
 10293 | Gauntlet | Succumbed to poison (dark miasma)

Illustrated notes

Levels and vault maps discovered:
D:1:      scummos_arrival_forest, layout_basic, ebering_ecumenical_altar_hall,
          feat_on_display
D:2:      layout_basic, minmay_increasing_density
D:3:      layout_loops_ring, hangedman_decor_opposing,
          minmay_shallow_snake_nest, uniq_natasha, uniq_robin,
          uniq_crazy_yiuf_cottage, uniq_grinder
D:4:      layout_rooms, lemuel_round_altar, okawaru_metal_pillars_1_2,
          slow_altar_2, uniq_ijyb, uniq_eustachio, uniq_menkaure
D:5:      layout_cave_pools, grunt_ministairs_5, minivault_5
D:6:      layout_loops_cross, minitemple, temple_fountains, serial_glass,
          glass_columns_c, glass_columns_a
D:7:      layout_basic, nicolae_elyvilon_temple_path
D:8:      layout_layer_cave, nicolae_wu_jian_glorious_leap, minivault_21
D:9:      cheibrodos_statue_roulette, layout_cave_pools,
          ebering_ghost_reflecting_pool, st_stairs_13, hangedman_ranch
D:10:     layout_loops_ring, serial_shops, nicolae_shop_trees,
          solitary_fountain, roadster_capsule_ark_zombie, uniq_psyche,
          uniq_joseph, uniq_amaemon
D:11:     layout_basic, lair_entry_dummy, serial_shops, nicolae_shop_tiny_glass,
          nicolae_shop_statue_plus, shop, gauntlet_entry_generic, enter_trove_6
Temple:   hellmonk_temple_divided_pantheon
Gauntlet: minmay_gauntlet_77_indecision [minmay_gauntlet_arena_77_cramped,
          minmay_gauntlet_arena_77_double_cross,
          minmay_gauntlet_arena_77_block_sizes,
          minmay_gauntlet_arena_77_run_for_it,
          minmay_gauntlet_arena_77_shame_cube,
          minmay_gauntlet_arena_77_p_blocks, gauntlet_exit_watery]

Skill      XL: |  1  2  3  4  5  6  7  8  9 10 11 |
---------------+----------------------------------+-----
Axes           | 3 4 6 7 9 11 12 13 | 13.4
Armour         | 3 4 5 |  5.8
Dodging        | 3 4 5 |  5.7
Evocations     | 2 4 5 |  5.7
Shields        | 2 4 5 |  5.2
Fighting       | 4 5 6 |  6.7

Action                     |  1- 3 |  4- 6 |  7- 9 | 10-12 || total
---------------------------+-------+-------+-------+-------++-------
  Melee: Hand axe          |   116 |   107 |   157 |       ||   380
         Punch             |     1 |     1 |     2 |       ||     4
         Kick              |       |    24 |    81 |    88 ||   193
         Battleaxe         |       |       |    91 |   216 ||   307
         War axe           |       |       |       |    23 ||    23
 Invoke: Berserk           |     3 |     3 |     5 |     7 ||    18
    Use: Scroll            |       |       |    10 |     9 ||    19
         Potion            |       |       |       |     2 ||     2
   Stab: Sleeping          |     2 |       |       |       ||     2
 Armour: Animal skin       |    77 |    27 |       |       ||   104
         Scale mail        |       |    43 |   159 |   244 ||   446
         Skin              |       |       |       |     3 ||     3
  Dodge: Dodged            |    69 |    50 |    90 |   169 ||   378

Table legend: (Time is in decaauts)
 A = Elapsed time spent in this place.
 B = Non-inter-level travel time spent in this place.
 C = Inter-level travel time spent in this place.
 D = Time resting spent in this place.
 E = Time spent auto-exploring this place.
 F = Levels seen in this place.
 G = Mean time per level.
                   A        B        C        D        E       F      G
               +--------+--------+--------+--------+--------+-----+--------+
         Total |  10495 |   9860 |    635 |   1060 |   7206 |  13 |  807.3 |
       Dungeon |  10151 |   9516 |    635 |    963 |   7065 |  11 |  922.8 |
        Temple |      1 |      1 |      0 |      0 |      0 |   1 |    1.0 |
      Gauntlet |    342 |    342 |      0 |     97 |    141 |   1 |  342.0 |
               +--------+--------+--------+--------+--------+-----+--------+

Top non-repeatable levels by time:
     D:8: 1516 daAuts
    D:10: 1210 daAuts
     D:3: 1136 daAuts
     D:2: 1035 daAuts
     D:9: 1011 daAuts
     D:1: 995 daAuts
     D:7: 944 daAuts
     D:6: 885 daAuts
     D:5: 670 daAuts
     D:4: 636 daAuts
Gauntlet: 342 daAuts
    D:11: 109 daAuts
  Temple: 1 daAuts
